 Dungeon Crawl Stone Soup version 0.28-a0-969-g2dcde036d2 (webtiles) character file.

Game seed: 12600013639341146566

531 HessuHobo the Shield-Bearer (level 7, 0/55 HPs)
             Began as a Human Fighter on Dec 1, 2021.
             Slain by an orc priest (4 damage)
             ... on level 5 of the Dungeon.
             The game lasted 00:09:34 (4980 turns).

HessuHobo the Shield-Bearer (Human Fighter)         Turns: 4980, Time: 00:09:35

Health: 0/55       AC:  8    Str: 18    XL:     7   Next: 48%
Magic:  7/7        EV:  9    Int:  8    God:
Gold:   228        SH:  5    Dex: 13    Spells: 6/6 levels left

rFire   . . .      SeeInvis +   j - +2 dagger (venom)
rCold   . . .      Faith    .   c - +0 buckler
rNeg    . . .      Spirit   .   f - +0 scale mail
rPois   .          Reflect  .   l - +0 helmet
rElec   .          Harm     .   (no cloak)
rCorr   .          Rampage  .   (no gloves)
Will    .....                   (no boots)
Stlth   ..........              (no amulet)
HPRegen 0.18/turn               e - ring of see invisible
MPRegen 0.10/turn               (no ring)

@: mighty
A: no striking features
a: no special abilities


You were on level 5 of the Dungeon.
You visited 1 branch of the dungeon, and saw 5 of its levels.

You collected 228 gold pieces.

Inventory:

Hand Weapons
 j - a +2 dagger of venom (weapon)
Armour
 c - a +0 buckler (worn)
 f - a +0 scale mail (worn)
 l - a +0 helmet (worn)
 o - a +0 helmet
Jewellery
 e - a ring of see invisible (left hand)
Wands
 b - a wand of mindburst (21)
Scrolls
 g - 3 scrolls of amnesia
 m - a scroll of magic mapping {unknown}
Potions
 a - a potion of brilliance {unknown}
 d - a potion of might
 h - 2 potions of attraction {unknown}
 p - a potion of curing {unknown}


   Skills:
 + Level 4.7 Fighting
 + Level 4.1 Short Blades
 + Level 4.7 Armour
 + Level 4.7 Shields


You had 6 spell levels left.
You didn't know any spells.
Your spell library contained the following spells:

 Spells                   Type           Power      Damage    Failure   Level
 Tukima's Dance           Hex            0%         N/A       98%         3
 Passage of Golubria      Tloc           0%         N/A       100%        4
 Yara's Violent Unravell  Hex/Tmut       0%         3d3       100%        5


Dungeon Overview and Level Annotations

Branches:
Dungeon (5/15)
 Temple: D:4-7

Altars:

Shops:
D:3 *

Annotations:
D:3 1 runed translucent door, makewrite's ghost, amateur MiMo


Message History

The orc hits you with a +0 flail!
You hit the orc.
The orc is poisoned.
The orc is severely wounded.
The orc hits you but does no damage.
You closely miss the orc.
The orc is almost dead.
The orc hits you with a +0 flail!
You hit the orc.
You kill the orc!
The orc priest invokes the aid of Beogh against you.
Beogh smites you! You block the orc's attack. The orc hits you with a +0 flail.
You hear a shout!
An orc wizard comes into view.
It is wielding a +0 dagger and wearing a +2 robe of willpower.
Found 2 throwing nets.
The orc wizard shouts!
The orc priest hits you with a +0 dagger.
You block the orc's attack. The orc hits you with a +0 flail.
Things that are here:
a +0 flail; an orc corpse You hit the orc priest.
The orc priest is poisoned.
The orc priest is lightly wounded.
The orc priest completely misses you.
You closely miss the orc priest.
The orc priest is lightly wounded.
The orc hits you with a +0 short sword. The orc hits you but does no damage.
You block the orc priest's attack.
You hit the orc priest.
The orc priest looks as sick as possible!
The orc priest is moderately wounded.
The orc hits you with a +0 short sword.
* * * LOW HITPOINT WARNING * * *
The orc hits you with a +0 flail.
* * * LOW HITPOINT WARNING * * *
You feel very mighty all of a sudden. You block the orc's attack.
The orc closely misses you.
The orc wizard points at you and mumbles some strange words.
The puff of flame hits you.
* * * LOW HITPOINT WARNING * * *
The orc priest hits you with a +0 dagger.
You die...

.....#. ......
....# ....#
####.#.###.#
#..#........
#...<.###
#.o......#
#@o.........
.....o.o.....##...
..........>.... ..
.............#.# .
.(.........#####
....######.# ....
.# ... ..


You could see an orc priest (extremely poisoned), an orc wizard and 2 orcs.

Vanquished Creatures
  Menkaure (D:4)
  A scorpion (D:4)
  3 hounds (D:4)
  A gnoll shaman (D:4)
  An orc priest (D:4)
  6 gnolls
  6 adders
  An ufetubus (D:4)
  An adder skeleton (D:4)
  A worm (D:3)
  2 dart slugs
  8 orcs
  6 endoplasms
  4 hobgoblins
  10 jackals
  4 kobolds (D:3)
  2 quokkas
  7 ball pythons
  3 frilled lizards
  3 goblins
  5 rats
76 creatures vanquished.

Vanquished Creatures (others)
  8 demonic plants (D:1)
  6 fungi (D:1)
  11 plants
  2 withered plants (D:1)
27 creatures vanquished.

Grand Total: 103 creatures vanquished

Notes
Turn   | Place    | Note
-------+----------+-------------------------------------------
     0 | D:1      | HessuHobo the Human Fighter began the quest for the Orb.
     0 | D:1      | Reached XP level 1. HP: 18/18 MP: 1/1
    61 | D:1      | Found a faded altar of an unknown god.
   222 | D:1      | Reached XP level 2. HP: 16/24 MP: 2/2
  1023 | D:1      | Reached XP level 3. HP: 29/29 MP: 3/3
  2776 | D:3      | Reached XP level 4. HP: 28/35 MP: 4/4
  3382 | D:3      | Found Qiusoefir's Assorted Antiques.
  3535 | D:3      | Reached XP level 5. HP: 41/41 MP: 5/5
  3622 | D:3      | Found a runed translucent door.
  3623 | D:3      | Noticed makewrite's ghost (amateur MiMo)
  3935 | D:4      | Noticed an ogre
  4158 | D:4      | Reached XP level 6. HP: 48/48 MP: 6/6
  4306 | D:4      | Noticed Menkaure
  4315 | D:4      | Killed Menkaure
  4316 | D:4      | Reached XP level 7. HP: 46/55 MP: 7/7
  4903 | D:5      | Entered Level 5 of the Dungeon
  4980 | D:5      | Slain by an orc priest

Illustrated notes

Levels and vault maps discovered:
D:1:      minmay_arrival_loop, layout_loops_cross, shapermc_ecumenical_altar_gd,
          nrook_mini_backslash
D:2:      layout_basic, minmay_unequal
D:3:      layout_basic, serial_shops, nicolae_shop_waterfront,
          gammafunk_ghost_grave, serial_bayou_pond_d, grunt_decor_arrowhead,
          moated_statue
D:4:      lemuel_castle_with_subvaults [lemuel_castle_interior_carwin_2],
          layout_loops_ring, amethyst_overflow_temple_binary,
          makhleb_heckhound_becter, kennysheep_generic_room_5, uniq_menkaure
D:5:      layout_cave_pools, serial_co_window_serial,
          co_window_of_opportunity_a, co_window_paths_a, co_window_corner_a,
          co_window_cross_1, co_window_paths_b, co_window_paths_a,
          co_window_paths_c, co_window_2corner, co_window_paths_c,
          co_window_4corner_a, glass_columns_a, glass_columns_b,
          glass_columns_b, glass_columns_a, kennysheep_small_spiral,
          minmay_chambers_of_fives, uniq_ijyb

Skill      XL: |  1  2  3  4  5  6  7 |
---------------+----------------------+-----
Short Blades   | 3 4 |  4.1
Fighting       | 4 |  4.7
Armour         | 4 |  4.7
Shields        | 4 |  4.7

Action                   |  1- 3 |  4- 6 |  7- 9 || total
-------------------------+-------+-------+-------++-------
Melee: Rapier            |    65 |       |       ||    65
       Dagger            |    23 |    98 |    60 ||   181
  Use: Potion            |       |     1 |     1 ||     2
       Scroll            |       |       |     4 ||     4
Armor: Scale mail        |    29 |    41 |    15 ||    85
Dodge: Dodged            |    36 |    48 |    20 ||   104
Block: Buckler           |    11 |    22 |    10 ||    43

Table legend: (Time is in decaauts)
 A = Elapsed time spent in this place.
 B = Non-inter-level travel time spent in this place.
 C = Inter-level travel time spent in this place.
 D = Time resting spent in this place.
 E = Time spent auto-exploring this place.
 F = Levels seen in this place.
 G = Mean time per level.
                   A        B        C        D        E       F      G
               +--------+--------+--------+--------+--------+-----+--------+
         Total |   4966 |   4734 |    232 |   1971 |   1442 |   5 |  993.2 |
       Dungeon |   4966 |   4734 |    232 |   1971 |   1442 |   5 |  993.2 |
               +--------+--------+--------+--------+--------+-----+--------+

Top non-repeatable levels by time:
     D:1: 1513 daAuts
     D:2: 1359 daAuts
     D:3: 1135 daAuts
     D:4: 945 daAuts
     D:5: 13 daAuts
